 Dungeon Crawl Stone Soup version 0.31-a0-354-g827e0957a7 (webtiles) character file.

Game seed: 2849769196143118676

6544 HallandMoats the Eye of the Storm (level 10, -1/89 HPs)
             Began as a Demonspawn Monk on July 23, 2023.
             Was a Priest of Qazlal.
             Slain by a gargoyle
             ... wielding a +0 flail
              (3 damage)
             ... on level 10 of the Dungeon.
             The game lasted 00:17:18 (8668 turns).

HallandMoats the Eye of the Storm (Demonspawn Monk) Turns: 8668, Time: 00:17:19

Health: -1/89      AC: 17    Str: 20    XL:     10   Next: 70%
Magic:  21/21      EV: 11    Int: 12    God:    Qazlal [***...]
Gold:   317        SH: 10    Dex: 10    Spells: 9/9 levels left

rFire   . . .        B - +5 scimitar (elec)
rCold   . . .        d - orb {light}
rNeg    + + .        k - +5 ring mail of the Baker {Str+4}
rPois   .            r - +1 helmet "Iboleicra" {rN+ Dex-5 Stlth+}
rElec   .            o - +2 cloak
rCorr   .            (no gloves)
SInv    .            j - +1 pair of boots
Will    .....        (no amulet)
Stlth   +            n - ring of positive energy
HPRegen 0.34/turn    (no ring)
MPRegen 0.17/turn

%: no passive effects
@: glowing
A: claws 2, large bone plates 2, powered by death 1, demonic magic 1
a: Renounce Religion, Upheaval, Elemental Force


You were on level 10 of the Dungeon.
You worshipped Qazlal.
Qazlal was most pleased with you.
You visited 2 branches of the dungeon, and saw 11 of its levels.

You collected 501 gold pieces.
You spent 184 gold pieces at shops.

Inventory:

Hand Weapons
 a - a +3 hammer of protection
 b - a +0 war axe of flaming
 B - a +5 scimitar of electrocution (weapon)
Missiles
 m - 4 throwing nets
Armour
 d - an orb of light (worn)
 j - a +1 pair of boots (worn)
 k - the +5 ring mail of the Baker (worn) {Str+4}
   (You found it on level 2 of the Dungeon)

   Str:       It affects your strength (+4).
 o - a +2 cloak (worn)
 r - the +1 helmet "Iboleicra" (worn) {rN+ Dex-5 Stlth+}
   (You took it off Robin on level 3 of the Dungeon)

   Dex:       It affects your dexterity (-5).
   rN:        It protects you from negative energy.
   Stlth:     It makes you more stealthy.
 y - a +0 buckler
 D - +0 acid dragon scales
Jewellery
 n - a ring of positive energy (left claw)
Wands
 w - a wand of flame (26)
 x - a wand of iceblast (15)
Scrolls
 c - 3 scrolls of fog
 e - 3 scrolls of poison
 f - a scroll of silence
 p - a scroll of enchant armour
 q - 2 scrolls of torment
 s - 3 scrolls of teleportation
 u - a scroll of enchant weapon
 C - a scroll of revelation
 G - a scroll of identify
 H - a scroll of butterflies
 I - a scroll of immolation {unknown}
Potions
 g - 7 potions of heal wounds
 h - a potion of haste
 i - 4 potions of brilliance
 l - 4 potions of curing
 t - a potion of enlightenment {unknown}
 v - 2 potions of experience {unknown}
 z - 2 potions of resistance {unknown}
 A - 4 potions of magic {unknown}
 E - a potion of mutation {unknown}
 F - a potion of attraction {unknown}
 J - a potion of might {unknown}


   Skills:
 + Level 12.0 Fighting
 - Level 2.6 Axes
 - Level 2.6 Dodging
 + Level 14.7 Invocations


You had 9 spell levels left.
You didn't know any spells.
Your spell library contained the following spells:

 Spells                   Type           Power      Damage    Failure   Level
 Shock                    Conj/Air       0%         1d3       50%         1
 Lesser Beckoning         Tloc           0%         N/A       65%         2
 Gell's Gravitas          Tloc           0%         N/A       86%         3
 Inner Flame              Hex/Fire       0%         N/A       86%         3
 Swiftness                Air            0%         N/A       86%         3
 Teleport Other           Tloc           0%         N/A       86%         3
 Airstrike                Air            0%         2d(0-16)  99%         4
 Flame Wave               Conj/Fire      0%         2d4       99%         4
 Sticky Flame             Conj/Fire      0%         2d3       99%         4


Dungeon Overview and Level Annotations

Branches:
Dungeon (10/15)            Temple (1/1) D:5            Lair (0/5) D:8
    Orc: D:9-12

Altars:
Ashenzari
Cheibriados
Dithmenos
Fedhas
Gozag
Hepliaklqana
Kikubaaqudgha
Makhleb
Nemelex Xobeh
Okawaru
Qazlal
Ru
Sif Muna
Trog
Uskayaw
Vehumet
Wu Jian
Xom
Yredelemnul

Shops:
D:1 *   D:2 [   D:3 !   D:7 !   D:8 [?   D:9 [


Innate Abilities, Weirdness & Mutations

You have very sharp fingernails.
You are mostly covered in large bone plates. (SH +6)
You regenerate a little health from kills.
Spells you cast may paralyse adjacent enemies.


Message History

You hit the gargoyle.
The gargoyle is lightly damaged.
The gargoyle hurls a stone arrow at you.
The stone arrow hits you!! The gargoyle hits you with a +0 flail!
You hit the gargoyle but do no damage.
The gargoyle is lightly damaged.
The gargoyle misses you.
You hit the gargoyle.
The gargoyle is moderately damaged.
The gargoyle hits you with a +0 flail!
The gargoyle hurls a stone arrow at you.
The stone arrow misses you.
You barely miss the gargoyle.
The gargoyle is moderately damaged.
The gargoyle closely misses you.
You hit the gargoyle but do no damage.
The gargoyle is moderately damaged.
You block the gargoyle's attack.
You hit the gargoyle but do no damage.
The gargoyle is moderately damaged.
The gargoyle hurls a stone arrow at you.
You block the stone arrow. The gargoyle completely misses you.
You hit the gargoyle but do no damage.
The gargoyle is moderately damaged.
You block the gargoyle's attack.
You hit the gargoyle.
The gargoyle is moderately damaged.
The gargoyle closely misses you.
The gargoyle hurls a stone arrow at you.
The stone arrow hits you!!
* * * LOW HITPOINT WARNING * * *
You barely miss the gargoyle.
The gargoyle is moderately damaged.
The gargoyle hurls a stone arrow at you.
The stone arrow hits you!
* * * LOW HITPOINT WARNING * * *
You slash the gargoyle!
The gargoyle is severely damaged.
The gargoyle hits you with a +0 flail.
You die...

.......
......
....#######
...#.....#
..#.)<..#
#.#.....#
#.#.....#
#9@.....#
#.###'### #..
....
#.........
............
............
###..........
#..........


You could see a gargoyle.

Vanquished Creatures
  Pikel (D:6)
  A manticore (D:9)
  An elephant (D:8)
  A komodo dragon (D:6)
  A kobold demonologist (D:10)
  A yak (D:8)
  A basilisk (D:8)
  A steam dragon (D:9)
  Edmund (D:5)
  2 acid dragons
  Duvessa (D:7)
  2 water moccasins
  3 orc warriors (D:9)
  A sky beast (D:7)
  4 black bears
  5 ogres
  A phantom (D:6)
  2 kobold brigands
  7 bullfrogs
  4 wights
  5 scorpions
  Dowan (D:7)
  5 killer bees (D:9)
  2 jellies
  4 howler monkeys
  2 gnoll boudas
  5 hounds
  7 iguanas
  3 orc priests
  Crazy Yiuf (D:2)
  3 sleepcaps
  5 orc wizards
  Terence (D:3)
  Robin (D:3)
  9 gnolls
  5 adders
  4 white imps
  An ufetubus (D:6)
  A worm (D:2)
  3 dart slugs
  30 orcs
  10 ball pythons
  7 endoplasms
  3 giant cockroaches
  18 goblins
  8 hobgoblins
  6 jackals
  3 quokkas
  2 bats
  7 frilled lizards
  15 kobolds
  5 rats
  A butterfly (D:7)
224 creatures vanquished.

Notes
Turn   | Place    | Note
-------+----------+-------------------------------------------
     0 | D:1      | HallandMoats the Demonspawn Monk began the quest for the
                  | Orb.
     0 | D:1      | Reached XP level 1. HP: 18/18 MP: 1/1
   131 | D:1      | Found Rounae Riwk's General Store.
   133 | D:1      | Reached skill level 1 in Invocations
   222 | D:1      | Gained mutation: You regenerate a little health from kills.
                  | [demonic ancestry]
   222 | D:1      | Reached XP level 2. HP: 14/24 MP: 3/3
   352 | D:1      | Reached skill level 2 in Invocations
   761 | D:2      | Reached XP level 3. HP: 19/30 MP: 4/4
   944 | D:2      | Identified the +5 ring mail of the Baker {Str+4}
   975 | D:2      | Reached skill level 3 in Invocations
  1173 | D:2      | Found Perphiuh's Antique Armour Shop.
  1436 | D:2      | Found a runed translucent door.
  1437 | D:2      | Noticed Crazy Yiuf
  1663 | D:2      | Killed Crazy Yiuf
  1664 | D:2      | Gained mutation: You are partially covered in large bone
                  | plates. (SH +4) [demonic ancestry]
  1664 | D:2      | Reached XP level 4. HP: 20/37 MP: 6/6
  1821 | D:3      | Found Fecsoaq's Distillery.
  1826 | D:3      | Bought a potion of curing for 42 gold pieces
  2200 | D:3      | Noticed Terence
  2213 | D:3      | Killed Terence
  2214 | D:3      | Reached skill level 4 in Invocations
  2321 | D:3      | Noticed a scorpion
  2333 | D:3      | Killed a scorpion
  2334 | D:3      | Gained mutation: You are mostly covered in large bone
                  | plates. (SH +6) [demonic ancestry]
  2334 | D:3      | Reached XP level 5. HP: 43/43 MP: 8/8
  2467 | D:3      | Identified the +1 helmet "Iboleicra" {rN+ Dex-5 Stlth+}
  2467 | D:3      | Noticed Robin
  2502 | D:3      | Killed Robin
  2737 | D:4      | Reached skill level 5 in Fighting
  2737 | D:4      | Reached skill level 5 in Invocations
  2744 | D:4      | Gained mutation: You have sharp fingernails. [demonic
                  | ancestry]
  2744 | D:4      | Reached XP level 6. HP: 47/51 MP: 8/10
  2954 | D:4      | You fall into a shaft and drop 3 floors!
  3089 | D:7      | Reached skill level 6 in Invocations
  3177 | D:7      | Noticed Dowan
  3178 | D:7      | Noticed Duvessa
  3200 | D:7      | Killed Duvessa
  3201 | D:7      | Gained mutation: Spells you cast may paralyse adjacent
                  | enemies. [demonic ancestry]
  3201 | D:7      | Reached XP level 7. HP: 47/58 MP: 10/12
  3237 | D:7      | Killed Dowan
  3238 | D:7      | Reached skill level 7 in Invocations
  3304 | D:7      | Reached skill level 8 in Invocations
  3641 | D:6      | Found a radiant altar of Vehumet.
  3743 | D:6      | Reached XP level 8. HP: 60/67 MP: 14/14
  3839 | D:5      | Entered Level 5 of the Dungeon
  3951 | D:5      | Reached skill level 9 in Invocations
  4011 | D:5      | Noticed Edmund
  4074 | D:5      | Killed Edmund
  4372 | D:5      | Found a sand-covered staircase.
  4436 | D:5      | Reached skill level 10 in Invocations
  4533 | D:5      | Found a staircase to the Ecumenical Temple.
  4860 | D:5      | Gained mutation: You have very sharp fingernails. [demonic
                  | ancestry]
  4860 | D:5      | Reached XP level 9. HP: 73/75 MP: 17/17
  5092 | D:4      | Found a hide-covered altar of Uskayaw.
  5095 | D:4      | Noticed a +0 dagger
  5095 | D:4      | Noticed a +0 dagger
  5551 | Temple   | Entered the Ecumenical Temple
  5580 | Temple   | Became a worshipper of Qazlal Stormbringer
  5580 | Temple   | Reached * piety under Qazlal
  5580 | Temple   | Reached ** piety under Qazlal
  5701 | D:6      | Noticed Pikel
  5715 | D:6      | Killed Pikel
  5716 | D:6      | Reached skill level 11 in Invocations
  5749 | D:6      | Noticed a komodo dragon
  5762 | D:6      | Killed a komodo dragon
  5770 | D:6      | Reached skill level 12 in Invocations
  5799 | D:6      | Reached skill level 10 in Fighting
  6444 | D:7      | Found a shimmering altar of Xom.
  6575 | D:7      | Reached skill level 13 in Invocations
  6665 | D:7      | Found Afivamown's Distillery.
  6680 | D:7      | Bought a potion of curing for 45 gold pieces
  6870 | D:7      | Reached XP level 10. HP: 74/86 MP: 19/19
  7085 | D:8      | Noticed an elephant
  7132 | D:8      | Killed an elephant
  7236 | D:8      | Found a staircase to the Lair.
  7245 | D:8      | Found Osey's Armour Boutique.
  7522 | D:8      | Found Baegh's Magic Scroll Emporium.
  7525 | D:8      | Bought a scroll of revelation for 97 gold pieces
  7631 | D:8      | Found a basalt altar of Yredelemnul.
  8025 | D:9      | Reached *** piety under Qazlal
  8026 | D:9      | Reached skill level 14 in Invocations
  8135 | D:9      | Noticed a manticore
  8144 | D:9      | Killed a manticore
  8273 | D:9      | Found Mipor's Antique Armour Shop.
  8534 | D:10     | Entered Level 10 of the Dungeon
  8649 | D:10     | Noticed a gargoyle
  8667 | D:10     | HP: 2/89 [gargoyle/stone arrow (16)]
  8668 | D:10     | Slain by a gargoyle

Illustrated notes

Levels and vault maps discovered:
D:1:      dpeg_arrival_concentric_ovals, layout_loops_ring, serial_glass,
          glass_columns_c, glass_columns_a, serial_shops,
          nicolae_shop_tiny_glass
D:2:      layout_loops_ring, serial_shops, nicolae_shop_trees,
          uniq_crazy_yiuf_cottage
D:3:      layout_loops_corners, serial_shops, nicolae_shop_rolling_square,
          uniq_terence, uniq_robin
D:4:      layout_loops_ring, dancing_weapons_uskayaw
D:5:      nicolae_BIG_FREAKIN_CUBE, layout_basic,
          minmay_temple_entry_purple_smoke,
          lightli_ossuary_entry_decrepit_ruins, minmay_quadrilaterals,
          uniq_edmund
D:6:      minmay_skewed_foursquare, layout_basic, nicolae_vehumet_radiance,
          serial_bayou_pond_e, chequers_jeans, small_statue_intersection,
          nicolae_twisty_statue_hallways, uniq_pikel
D:7:      layout_basic, general_overflow_altar, xom_butterflies, serial_shops,
          nicolae_shop_industrial_runoff, uniq_duvessa
D:8:      layout_gridville, grunt_temple_overflow_holy_war, david_lair_generic,
          serial_shops, nicolae_shop_advertising_works
          [nicolae_subvault_shop_adworks], nicolae_shop_rolled_up,
          enter_bailey_7, hex_large, minmay_misc_feat_ornament
D:9:      layout_rooms, serial_shops, shop, grunt_decor_cap
D:10:     layout_irregular_city
Temple:   eino_temple_rhombus

Skill      XL: |  1  2  3  4  5  6  7  8  9 10 |
---------------+-------------------------------+-----
Invocations    | 1 2 3 4 5 6 8 10 13 14 | 14.7
Fighting       | 4 5 6 7 8 10 12 | 12.0
Axes           | |  2.6
Dodging        | |  2.6

Action                     |  1- 3 |  4- 6 |  7- 9 | 10-12 || total
---------------------------+-------+-------+-------+-------++-------
  Melee: Hand axe          |    99 |       |       |       ||    99
         Mace              |    18 |   157 |   439 |    20 ||   634
         Scimitar          |       |       |       |   130 ||   130
    Use: Scroll            |     2 |       |     6 |     6 ||    14
         Potion            |     1 |     1 |     2 |       ||     4
   Stab: Sleeping          |       |       |     1 |       ||     1
 Armour: Robe              |    18 |       |       |       ||    18
         Ring mail         |    11 |    98 |   242 |   111 ||   462
  Dodge: Dodged            |    70 |    88 |   262 |   104 ||   524
  Block: Orb               |       |    56 |   167 |   102 ||   325

Table legend: (Time is in decaauts)
 A = Elapsed time spent in this place.
 B = Non-inter-level travel time spent in this place.
 C = Inter-level travel time spent in this place.
 D = Time resting spent in this place.
 E = Time spent auto-exploring this place.
 F = Levels seen in this place.
 G = Mean time per level.
                   A        B        C        D        E       F      G
               +--------+--------+--------+--------+--------+-----+--------+
         Total |   8913 |   8536 |    377 |   1003 |   5222 |  11 |  810.3 |
       Dungeon |   8860 |   8504 |    356 |   1003 |   5222 |  10 |  886.0 |
        Temple |     52 |     31 |     21 |      0 |      0 |   1 |   52.0 |
               +--------+--------+--------+--------+--------+-----+--------+

Top non-repeatable levels by time:
     D:5: 1346 daAuts
     D:7: 1290 daAuts
     D:8: 1099 daAuts
     D:2: 1012 daAuts
     D:6: 960 daAuts
     D:3: 900 daAuts
     D:1: 775 daAuts
     D:4: 773 daAuts
     D:9: 664 daAuts
  Temple: 52 daAuts
    D:10: 37 daAuts
